 Dungeon Crawl Stone Soup version 0.27.1-34-g3ba077fa99 (webtiles) character file.

Game seed: 11764363262800398604

5 Vylera the Sneak (level 1, -2/13 HPs)
             Began as a Merfolk Wanderer on Jan 2, 2022.
             Slain by a quokka (4 damage)
             ... on level 1 of the Dungeon.
             The game lasted 00:01:28 (507 turns).

Vylera the Sneak (Merfolk Wanderer)                  Turns: 507, Time: 00:01:28

Health: -2/13      AC:  2    Str: 15    XL:     1   Next: 80%
Magic:  1/1        EV: 12    Int:  9    God:
Gold:   0          SH:  0    Dex: 12    Spells: 0/0 levels left

rFire    . . .     SeeInvis .   a - +0 falchion
rCold    . . .     Faith    .   (no shield)
rNeg     . . .     Spirit   .   e - +0 robe
rPois    .         Reflect  .   (no helmet)
rElec    .         Harm     .   (no cloak)
rCorr    .         Rampage  .   (no gloves)
Will     .....                  (no boots)
Stlth    +++.......             (no amulet)
HPRegen  0.04/turn              (no ring)
MPRegen  0.07/turn              (no ring)

@: no status effects
A: (nimble swimmer 2), mertail
a: no special abilities


You were on level 1 of the Dungeon.
You visited 1 branch of the dungeon, and saw 1 of its levels.

Inventory:

Hand Weapons
 a - a +0 falchion (weapon)
 f - a +0 dagger
Armour
 e - a +0 robe (worn)
Potions
 b - a potion of haste
 c - a potion of berserk rage
 d - a potion of lignification
 g - a potion of mutation {unknown}


   Skills:
 * Level 2.8 Long Blades
 - Level 1.3 Dodging
 - Level 4.3 Stealth
 - Level 2.0 Shields
 - Level 1.1 Unarmed Combat


You couldn't memorise any spells.
You didn't know any spells.
Your spell library was empty.

Dungeon Overview and Level Annotations

Branches:
Dungeon (1/15)

Altars:


Innate Abilities, Weirdness & Mutations

((You are quick and stealthy near water. (Stealth+, EV+, Speed+++)))
Your lower body shifts to a powerful aquatic tail in water.


Message History

You barely miss the kobold. The kobold hits you with a +0 whip.
You barely miss the kobold. The kobold hits you with a +0 whip.
You hit the kobold but do no damage. The kobold hits you but does no damage.
You hit the kobold.
The kobold is heavily wounded.
The kobold hits you with a +0 whip.
You closely miss the kobold.
The kobold is heavily wounded.
The kobold barely misses you.
You riposte.
You hit the kobold.
You kill the kobold!
You see here a +0 whip.
Found 6 sling bullets.
A quokka comes into view.
Found a scroll labelled FOSTRA KISUPN.
A ball python comes into view.
The ball python hisses angrily.
A frilled lizard comes into view.
A kobold comes into view. It is wielding a +0 short sword.
The helpless quokka fails to defend itself.
You hit the quokka but do no damage. The quokka completely misses you.
You closely miss the quokka. The quokka closely misses you.
You riposte.
You barely miss the quokka. The ball python bites you.
The ball python completely misses you. The quokka barely misses you.
You riposte.
You completely miss the quokka. The ball python closely misses you.
The ball python grabs you. The ball python constricts you.
You escape the ball python's grasp.
The quokka bites you.
You barely miss the quokka.
The quokka bites you but does no damage.
The quokka bites you.
You closely miss the quokka. The quokka bites you.
You barely miss the quokka.
The frilled lizard hisses angrily.
The quokka bites you.
* * * LOW HITPOINT WARNING * * *
You hit the quokka but do no damage.
The quokka bites you but does no damage.
The quokka bites you.
You die...

K.........
#......#..
.......... #.......#
#.......+ #.......#
#.......#
#.####.......#
#...@rS......#
#######......#
.?...........#
#########......#
.........###########
########.# #...#
#.#######.#.#
#.#.......#.#
#.#.......#.#


You could see a quokka and a ball python.

Vanquished Creatures
  An endoplasm (D:1)
  A goblin (D:1)
  A kobold (D:1)
  A ball python (D:1)
  A rat (D:1)
5 creatures vanquished.

Notes
Turn   | Place    | Note
-------+----------+-------------------------------------------
     0 | D:1      | Vylera the Merfolk Wanderer began the quest for the Orb.
     0 | D:1      | Vylera set off with the following items: a +0 falchion, a
                  | potion of haste, a potion of berserk rage, a potion of
                  | lignification, a +0 robe, a +0 dagger
     0 | D:1      | Reached XP level 1. HP: 13/13 MP: 1/1
   507 | D:1      | Slain by a quokka

Illustrated notes

Levels and vault maps discovered:
D:1:      lemuel_arrival_broad_hall, layout_basic

Action                   || total
-------------------------++-------
Melee: Falchion          ||    18
 Stab: Sleeping          ||     4
Armor: Robe              ||     4
Dodge: Dodged            ||     8
       Rpst.: Falchion   ||     4
